 Dungeon Crawl Stone Soup version 0.31-a0-764-g8440623082 (webtiles) character file.

Game seed: 6277697986918339430

190 Descartes the Shield-Bearer (level 6, -2/48 HPs)
             Began as a Formicid Fighter on Sept 15, 2023.
             Slain by a bullfrog zombie (4 damage)
             ... on level 3 of the Dungeon.
             The game lasted 00:03:23 (2586 turns).

Descartes the Shield-Bearer (Formicid Fighter)      Turns: 2586, Time: 00:03:24

Health: -2/48      AC: 13    Str: 20    XL:     6   Next: 1%
Magic:  0/6        EV:  5    Int: 11    God:
Gold:   128        SH:  5    Dex: 10    Spells: 5/5 levels left

rFire   . . .        e - +2 spear (flame)
rCold   . . .        c - +0 buckler
rNeg    . . .        m - +0 plate armour
rPois   .            (helmet unavailable)
rElec   .            b - +0 cloak
rCorr   .            (no gloves)
SInv    +            (no boots)
Will    .....        g - amulet of guardian spirit Stlth
                     (no ring)
HPRegen 0.28/turn    (no ring)
MPRegen 0.10/turn

%: guardian spirit
@: no status effects
A: permanent stasis, dig shafts and tunnels, antennae 3, four strong arms,
clever 1, clumsy 1, weak 1
a: Dig, Shaft Self


You were on level 3 of the Dungeon.
You visited 1 branch of the dungeon, and saw 3 of its levels.

You collected 128 gold pieces.

Inventory:

Hand Weapons
 a - a +0 war axe
 e - a +2 spear of flaming (weapon)
 q - a +0 morningstar
Armour
 b - a +0 cloak (worn)
 c - a +0 buckler (worn)
 m - a +0 plate armour (worn)
Jewellery
 g - an amulet of guardian spirit (around neck)
 p - a ring of fire
Wands
 o - a wand of mindburst (18)
 s - a wand of quicksilver (4)
Scrolls
 f - 2 scrolls of noise {unknown}
 r - a scroll of butterflies {unknown}
 t - a scroll of teleportation {unknown}
 u - a scroll of identify {unknown}
Potions
 d - 2 potions of might
 h - a potion of cancellation {unknown}
 i - a potion of enlightenment {unknown}
 j - a potion of curing
 k - a potion of mutation
 l - 2 potions of haste {unknown}
 n - a potion of heal wounds {unknown}


   Skills:
 + Level 4.2 Fighting
 + Level 3.1(3.4) Axes
 + Level 1.2(2.3) Maces & Flails
 + Level 1.7(2.7) Polearms
 + Level 4.1 Armour
 + Level 5.0 Shields


You had 5 spell levels left.
You didn't know any spells.
Your spell library was empty.

Dungeon Overview and Level Annotations

Branches:
Dungeon (3/15)

Altars:
Kikubaaqudgha
Qazlal
Yredelemnul

Shops:
D:2 ?


Innate Abilities, Weirdness & Mutations

You cannot be hasted, slowed, berserked, paralysed or teleported.
You can dig through walls and to a lower floor.
You have a pair of large antennae on your head. (SInv)
Your four strong arms can wield two-handed weapons with a shield.
Your mind is acute. (Int +4, Str/Dex -1)
You are clumsy. (Dex -2)
You are weak. (Str -2)


Message History

You hit the wyvern zombie. You burn the wyvern zombie.
The wyvern zombie is severely damaged.
The bullfrog zombie hits you but does no damage.
The wyvern zombie bites you but does no damage.
Unknown command.
You hit the wyvern zombie. You burn the wyvern zombie.
The wyvern zombie is severely damaged.
You block the bullfrog zombie's attack.
The wyvern zombie bites you but does no damage.
You hit the wyvern zombie. You burn the wyvern zombie.
The wyvern zombie is almost destroyed.
The bullfrog zombie hits you but does no damage.
The wyvern zombie bites you!
* * * LOW HITPOINT WARNING * * *
The bullfrog zombie barely misses you. The wyvern zombie bites you.
* * * LOW HITPOINT WARNING * * *
It was a potion of curing.
You feel better. The bullfrog zombie barely misses you.
The wyvern zombie bites you!
* * * LOW HITPOINT WARNING * * *
It was a potion of mutation.
You feel extremely strange.
You feel clumsy.
You feel clever.
You feel weaker.
The bullfrog zombie hits you but does no damage.
The wyvern zombie bites you but does no damage.
You hit the bullfrog zombie. You burn the bullfrog zombie.
The bullfrog zombie is moderately damaged.
The bullfrog zombie hits you but does no damage.
You block the wyvern zombie's attack.
The bullfrog zombie hits you but does no damage.
The wyvern zombie bites you but does no damage.
Unknown command.
You hit the wyvern zombie. You burn the wyvern zombie.
The wyvern zombie is almost destroyed.
The bullfrog zombie hits you but does no damage.
The wyvern zombie bites you but does no damage.
You puncture the wyvern zombie! You burn the wyvern zombie.
You destroy the wyvern zombie!
The bullfrog zombie hits you.
* * * LOW HITPOINT WARNING * * *
The bullfrog zombie hits you.
You die...

.#..# #.#..................#.#
.#..# #.#.####..#...##.....#.###
.#..####.#.####.................#
.#.....#.#.#....##...##..........
.#...................#.).........
.##........#....####.#...........
.##........##......#.#...........
.##........##....#.#.#......#.##.
>......#)#.###'#@Z.#.#......#....
...........###.###.#.#.###..#....
...#####.....#Z###.#.#...........
...........#..Z....#.#.##........
...###..##.Z##.......#.##.......♣
#...........##.......####.......♣
#...........##.....#.####.......♣
#..###'''#####.....#...##.....##♣
#..#.......#.#.....#+#...####.#.'


You could see a bullfrog zombie.

Vanquished Creatures
  A wyvern zombie (D:3)
  The ghost of magaron the Trooper, a weakling MiFi (D:2)
  Jessica (D:3)
  A gnoll (D:1)
  4 adders
  2 adder zombies (D:3)
  A worm (D:2)
  A dart slug (D:1)
  3 orcs (D:3)
  4 endoplasms
  5 giant cockroaches
  3 goblins
  3 hobgoblins
  2 jackals (D:3)
  5 quokkas
  5 ball pythons
  A bat (D:3)
  7 frilled lizards
  5 kobolds
  2 quokka zombies (D:3)
  6 rats
63 creatures vanquished.

Notes
Turn   | Place    | Note
-------+----------+-------------------------------------------
     0 | D:1      | Descartes the Formicid Fighter began the quest for the Orb.
     0 | D:1      | Reached XP level 1. HP: 18/18 MP: 1/1
    64 | D:1      | Reached XP level 2. HP: 22/24 MP: 2/2
   255 | D:1      | Reached XP level 3. HP: 28/29 MP: 3/3
   946 | D:2      | Found Ebaun's Magic Scroll Shoppe.
   955 | D:2      | Reached XP level 4. HP: 35/37 MP: 2/4
  1108 | D:3      | Found a runed translucent gate.
  1108 | D:3      | Found a runed translucent gate.
  1198 | D:3      | Reached skill level 1 in Polearms
  1368 | D:3      | Found a runed translucent gate.
  1369 | D:3      | Noticed magaron's ghost (weakling MiFi)
  1477 | D:3      | Noticed Jessica
  1493 | D:3      | Killed Jessica
  1494 | D:3      | Reached XP level 5. HP: 38/42 MP: 5/5
  1529 | D:3      | Found a stormy altar of Qazlal.
  1611 | D:3      | Found an ancient bone altar of Kikubaaqudgha.
  1698 | D:3      | Found a basalt altar of Yredelemnul.
  2423 | D:2      | Killed magaron's ghost
  2424 | D:2      | Reached skill level 1 in Maces & Flails
  2424 | D:2      | Reached skill level 5 in Shields
  2424 | D:2      | Reached XP level 6. HP: 9/48 MP: 2/6
  2581 | D:3      | HP: 1/48 [wyvern zombie (4)]
  2583 | D:3      | Gained mutation: You are clumsy. (Dex -2) [potion of
                  | mutation]
  2583 | D:3      | Gained mutation: Your mind is acute. (Int +4, Str/Dex -1)
                  | [potion of mutation]
  2583 | D:3      | Gained mutation: You are weak. (Str -2) [potion of
                  | mutation]
  2586 | D:3      | HP: 2/48 [bullfrog zombie (1)]
  2586 | D:3      | Slain by a bullfrog zombie

Illustrated notes

Levels and vault maps discovered:
D:1:      lightli_arrival_statuegarden, layout_basic
D:2:      layout_rooms, serial_shops, shop
D:3:      layout_basic, nicolae_yredelemnul_corpse_copse,
          nicolae_kikubaaqudgha_miasma_corner,
          mainiacjoe_overflow_six_doors_small, gammafunk_ghost_necromancy,
          uniq_jessica

Skill      XL: |  1  2  3  4  5 |
---------------+----------------+-----
Polearms       | 1 |  1.7
Fighting       | 4 |  4.2
Armour         | 4 |  4.1
Axes           | 3 |  3.1
Maces & Flails | 1 |  1.2
Shields        | 5 |  5.0

Action                     |  1- 3 |  4- 6 || total
---------------------------+-------+-------++-------
  Melee: War axe           |    10 |       ||    10
         Spear             |    73 |   140 ||   213
    Use: Potion            |       |     2 ||     2
 Armour: Scale mail        |    24 |       ||    24
         Plate armour      |    10 |   113 ||   123
         Chain mail        |     3 |       ||     3
  Dodge: Dodged            |    26 |    20 ||    46
  Block: Buckler           |    14 |    30 ||    44

Table legend: (Time is in decaauts)
 A = Elapsed time spent in this place.
 B = Non-inter-level travel time spent in this place.
 C = Inter-level travel time spent in this place.
 D = Time resting spent in this place.
 E = Time spent auto-exploring this place.
 F = Levels seen in this place.
 G = Mean time per level.
                   A        B        C        D        E       F      G
               +--------+--------+--------+--------+--------+-----+--------+
         Total |   2598 |   2542 |     56 |      0 |   2040 |   3 |  866.0 |
       Dungeon |   2598 |   2542 |     56 |      0 |   2040 |   3 |  866.0 |
               +--------+--------+--------+--------+--------+-----+--------+

Top non-repeatable levels by time:
     D:3: 1254 daAuts
     D:2: 684 daAuts
     D:1: 659 daAuts
